 Dungeon Crawl Stone Soup version 0.30-a0-1161-g0704695555 (webtiles) character file.

Game seed: 12480897537532597485

58 morax the Trooper (level 4, 0/43 HPs)
             Began as a Gargoyle Fighter on Apr 27, 2023.
             Slain by an orc priest
             ... wielding a +0 flail
              (4 damage)
             ... on level 2 of the Dungeon.
             The game lasted 00:04:37 (2821 turns).

morax the Trooper (Gargoyle Fighter)                Turns: 2821, Time: 00:04:37

Health: 0/43       AC: 22    Str: 21    XL:     4   Next: 1%
Magic:  4/4        EV:  2    Int:  9    God:
Gold:   78         SH:  5    Dex:  9    Spells: 3/3 levels left

rFire   . . .        (no weapon)
rCold   . . .        c - +1 buckler
rNeg    + . .        b - melded +0 scale mail
rPois   ∞            (helmet currently unavailable)
rElec   .            (cloak currently unavailable)
rCorr   .            (gloves currently unavailable)
SInv    .            (boots currently unavailable)
Will    .....        (no amulet)
Stlth   +            (no ring)
HPRegen 0.27/turn    (no ring)
MPRegen 0.09/turn

%: no passive effects
@: mighty, tree-form, invisible
A: stationary, stasis, torment immunity, boosted hp, sickness immunity, AC +3,
negative energy resistance 1, (electricity resistance), torment resistance 1,
petrification resistance
a: no special abilities


You were on level 2 of the Dungeon.
You were a tree.
You visited 1 branch of the dungeon, and saw 3 of its levels.

You collected 78 gold pieces.

Inventory:

Missiles
 f - 38 stones
 j - 2 javelins
 k - 3 poisoned darts (quivered)
Armour
 b - a +0 scale mail (melded)
 c - a +1 buckler (worn)


   Skills:
 + Level 3.8 Fighting
 * Level 3.2 Maces & Flails
 - Level 3.2 Armour
 + Level 3.8 Shields


You had 3 spell levels left.
You didn't know any spells.
Your spell library contained the following spells:

 Spells                   Type           Power      Damage    Failure   Level
 Static Discharge         Conj/Air       0%         2-2/arc   58%         2
 Airstrike                Air            0%         2d(0-16)  99%         4
 Summon Lightning Spire   Summ/Air       0%         N/A       99%         4


Dungeon Overview and Level Annotations

Branches:
Dungeon (3/15)

Altars:


Innate Abilities, Weirdness & Mutations

You are a tree.
Your roots penetrate the ground, keeping you stationary.
You cannot be teleported.
You are immune to unholy pain and torment.
Your maximum health is greatly increased.
Your equipment is partially melded.
You are immune to sickness and miasma.
((Your stone body is resilient. (AC +3)))
You are immune to poison.
You resist negative energy. (rN+)
((You are resistant to electric shocks. (rElec)))
You are resistant to unholy torment.
You are immune to petrification.


Message History

You closely miss the orc priest.
The orc priest hits you with a +0 flail.
You hit the orc priest but do no damage.
The orc priest calls down the wrath of Beogh upon you.
Beogh smites you!
Ouch! That really hurt!
You hit the orc priest but do no damage.
The orc priest misses you.
You are too injured to fight recklessly!
You catch the helpless orc priest completely off-guard!
You hit the orc priest.
The orc priest is lightly wounded.
The orc priest hits you with a +0 flail.
* * * LOW HITPOINT WARNING * * *
You are too injured to fight recklessly!
You hit the orc priest but do no damage.
The orc priest is lightly wounded.
The orc priest begins to cast a cantrip, but forgets the words!
You hit the orc priest but do no damage.
The orc priest is lightly wounded.
The orc priest hits you but does no damage.
You strike the helpless orc priest from behind!
You hit the orc priest but do no damage.
The orc priest is lightly wounded.
The orc priest closely misses you.
You barely miss the orc priest.
The orc priest is lightly wounded.
The orc priest hits you with a +0 flail.
* * * LOW HITPOINT WARNING * * *
You feel very mighty all of a sudden.
The orc priest hits you with a +0 flail.
* * * LOW HITPOINT WARNING * * *
Really quaff the potion of lignification?
Uppercase [Y]es or [N]o only, please.
Really quaff the potion of lignification?
You turn into a tree.
Your +0 scale mail melds into your body.
Your roots penetrate the ground.
The orc priest hits you with a +0 flail.
You die...

..........##.# #.#
#.#######.
########..##.# #.#
######.# #. #...#.#
#.# #......# #.
#...#.# #.# #.####.#
#. #.....# #.# #.# #.#
#. #..#..###.# #.# #.#
#. #..##...#.# #.# #.#
#.
######.#..##.#.o.###.#
#.######.
.......#..##.##.♣.##.#
#.....##.
########..##.###.>##.#
#####.##.
..........##.#
##.##.########.##.
#####..##.##.#
#.##.............
##.##.##.#
#.###########.###
#.##.##.# #.# #.#
#.##....# #.# #.#
#.#####.# #.# #.# #.#
#.# #)# #.#


You could see an orc priest (unable to see you).

Vanquished Creatures
  An adder (D:2)
  A worm (D:2)
  2 dart slugs (D:1)
  2 orcs (D:2)
  3 bats
  5 endoplasms (D:1)
  2 giant cockroaches
  5 goblins
  3 hobgoblins
  2 jackals (D:2)
  6 ball pythons
  A frilled lizard (D:1)
  3 kobolds (D:1)
  3 rats (D:1)
39 creatures vanquished.

Vanquished Creatures (others)
  9 plants (D:3)
9 creatures vanquished.

Grand Total: 48 creatures vanquished

Notes
Turn   | Place    | Note
-------+----------+-------------------------------------------
     0 | D:1      | morax the Gargoyle Fighter began the quest for the Orb.
     0 | D:1      | Reached XP level 1. HP: 14/14 MP: 1/1
   391 | D:1      | Reached XP level 2. HP: 19/19 MP: 2/2
  1077 | D:1      | Reached XP level 3. HP: 23/23 MP: 3/3
  2771 | D:2      | Reached XP level 4. HP: 28/29 MP: 4/4
  2821 | D:2      | Slain by an orc priest

Illustrated notes

Levels and vault maps discovered:
D:1:      dpeg_arrival_simpleton_c, layout_basic
D:2:      layout_basic, minivault_27, minmay_misc_feat_alley, uniq_natasha
D:3:      kennysheep_slugbush, layout_basic, nicolae_yredelemnul_corpse_copse,
          ebering_ecumenical_altar_mist, serial_bayou, serial_bayou_pond_b,
          serial_bayou_pond_c, serial_bayou_pond_e, serial_bayou_lagoon_a,
          minmay_stone_trees_small

Skill      XL: |  1  2  3 |
---------------+----------+-----
Maces & Flails | 3 |  3.2
Fighting       | |  3.8
Armour         | |  3.2
Shields        | |  3.8

Action                     |  1- 3 |  4- 6 || total
---------------------------+-------+-------++-------
  Melee: Flail             |    32 |       ||    32
         Unarmed           |   175 |    11 ||   186
  Throw: Stone             |    15 |       ||    15
         Dart              |     9 |       ||     9
         Javelin           |     1 |       ||     1
    Use: Scroll            |     5 |       ||     5
         Potion            |     2 |     3 ||     5
   Stab: Invisible         |       |     2 ||     2
 Armour: Scale mail        |    90 |     2 ||    92
  Dodge: Dodged            |    84 |     4 ||    88
  Block: Buckler           |    47 |       ||    47

Table legend: (Time is in decaauts)
 A = Elapsed time spent in this place.
 B = Non-inter-level travel time spent in this place.
 C = Inter-level travel time spent in this place.
 D = Time resting spent in this place.
 E = Time spent auto-exploring this place.
 F = Levels seen in this place.
 G = Mean time per level.
                   A        B        C        D        E       F      G
               +--------+--------+--------+--------+--------+-----+--------+
         Total |   2844 |   2700 |    144 |    691 |   1211 |   3 |  948.0 |
       Dungeon |   2844 |   2700 |    144 |    691 |   1211 |   3 |  948.0 |
               +--------+--------+--------+--------+--------+-----+--------+

Top non-repeatable levels by time:
     D:1: 1640 daAuts
     D:2: 1164 daAuts
     D:3: 39 daAuts
